 Dungeon Crawl Stone Soup version 0.30-a0-310-g7d6cbdfea6 (webtiles) character file.

Game seed: 10016278387126638960

117 purpskrrrp the Ducker (level 5, -2/35 HPs)
             Began as a Djinni Fire Elementalist on Oct 24, 2022.
             Was a Follower of Qazlal.
             Slain by Terence
             ... wielding a +0 mace
              (8 damage)
             ... on level 2 of the Dungeon.
             The game lasted 00:08:39 (1800 turns).

purpskrrrp the Ducker (Djinni Fire Elementalist)    Turns: 1800, Time: 00:08:40

Health: -2/35      AC:  3    Str:  7    XL:     5   Next: 22%
Gold:   89         EV: 13    Int: 18    God:    Qazlal [*.....] SH:  2 Dex: 14

rFire   + + .      SeeInvis .    b - +0 falchion
rCold   x . .      Faith    .    (no shield)
rNeg    . . .      Spirit   .    a - +0 robe
rPois   ∞          Reflect  .    (no helmet)
rElec   .          Harm     .    h - +0 cloak
rCorr   .          Rampage  .    (no gloves)
Will    +....                    (boots unavailable)
Stlth   ++........               (no amulet)
HPRegen 0.25/turn                d - ring of willpower
MPRegen 0.00/turn                (no ring)

@: flying
A: sickness immunity, fire resistance 2, cold vulnerability 1, float, innate
caster, HP casting, extra vitality 1
a: Renounce Religion


You were on level 2 of the Dungeon.
You worshipped Qazlal.
Qazlal was aware of your devotion.
You visited 1 branch of the dungeon, and saw 3 of its levels.

You collected 89 gold pieces.

Inventory:

Hand Weapons
 b - a +0 falchion (weapon)
Missiles
 n - a throwing net
Armour
 a - a +0 robe (worn)
 h - a +0 cloak (worn)
Jewellery
 d - a ring of willpower (left hand)
Scrolls
 g - 2 scrolls of teleportation
 k - a scroll of amnesia {unknown}
Potions
 c - a potion of resistance {unknown}
 e - 3 potions of curing {unknown}
 f - a potion of attraction {unknown}
 i - 2 potions of degeneration {unknown}
 j - a potion of brilliance {unknown}
 l - 4 potions of mutation {unknown}
 m - a potion of might {unknown}


   Skills:
 + Level 3.5 Dodging
 + Level 2.7 Stealth
 * Level 3.2 Spellcasting


You couldn't memorise any spells.
You knew the following spells:

 Your Spells              Type           Power      Damage    Failure   Level
a - Foxfire               Conj/Fire      56%        2x1d6     4%          1
b - Scorch                Fire           28%        2d6       6%          2
c - Kindle Blastsparks    Fire/Tloc/Air  28%        2d12      12%         3
d - Inner Flame           Hex/Fire       14%        N/A       12%         3
e - Flame Wave            Conj/Fire      14%        2d6       38%         4
f - Freeze                Ice            56%        1d7       4%          1
g - Momentum Strike       Conj/Tloc      28%        3d8       6%          2
Your spell library was empty.

Dungeon Overview and Level Annotations

Branches:
Dungeon (3/15)

Altars:
Qazlal

Annotations:
D:1 1 transporter
D:2 Terence


Innate Abilities, Weirdness & Mutations

You are immune to sickness and miasma.
You are immune to poison.
Your flesh is very heat resistant. (rF++)
You are vulnerable to cold. (rC-)
You float through the air rather than walking.
You learn spells naturally, not from books.
Your magical power is your life essence.
You have superior vitality. (+4 MHP)


Message History

You conjure some foxfire!
The foxfire hits Terence but does no damage.
You hit Terence but do no damage.
The foxfire hits Terence but does no damage.
Your foxfire dissipates!
You hit Terence but do no damage. Terence hits you with a +0 mace!
Your magical contamination has completely faded away.
Terence attacks as you move away! Terence barely misses you.
You hit Terence.
Terence is lightly wounded.
Terence hits you with a +0 mace.
You barely miss Terence.
Terence is lightly wounded.
Terence hits you with a +0 mace. x2
Casting: Foxfire (safe; 4% risk of failure)
Press: ? - help, Q - select action, (/) - cycle Dir - look around, f - activate You conjure some foxfire!
Terence hits you with a +0 mace.
Casting: Foxfire (safe; 4% risk of failure)
Press: ? - help, Q - select action, (/) - cycle Dir - look around, f - activate You conjure some foxfire!
The foxfire hits Terence.
Terence is lightly wounded.
The foxfire hits Terence.
Terence is moderately wounded.
Terence shouts, "Now you die!" Terence hits you with a +0 mace.
* * * LOW HITPOINT WARNING * * *
Casting: Foxfire (safe; 4% risk of failure)
Confirm with . or Enter, or press ? or * to list all spells.
Flames lash Terence.
Terence is heavily wounded.
Terence's fire resistance burns away.
* * * LOW HITPOINT WARNING * * *
The foxfire hits Terence but does no damage.
Terence is heavily wounded.
The foxfire hits Terence but does no damage.
Terence is heavily wounded.
Terence hits you with a +0 mace!
You die...

*******#....#....# *,#.# #.####
#...(♣.♣..## *,#.# #.....
#....#.....# *,#.#########
#....♣.♣...# *,#.......#.. *****
#....#.....# *,#.......#.#
,,,,***#....♣.♣..####.#.......#.#
***,,.##....#.........#......†'.#
***....>..♣.♣..§######......###
***..........@@§..## #......# ♣
*,,....#####.☼°§#..########## ♣
*,,.,,** #....##..##########♣
*,,,,,* #....###..##........
*,,,,,* #....# ##..#.######.
*,,,,,* #....# ##.#.# ####.
******* #....# #.#.###.... ##'#.#
#...##..### #.#.# ##..##.####


You could see Terence (combustible).

Vanquished Creatures
  An orc wizard (D:3)
  2 adders
  2 gnolls (D:2)
  A dart slug (D:1)
  3 orcs (D:3)
  4 bats
  7 endoplasms
  A giant cockroach (D:2)
  2 goblins
  7 hobgoblins
  A quokka (D:2)
  3 ball pythons
  5 frilled lizards
  4 kobolds
  7 rats
  A foxfire (D:2)
51 creatures vanquished.

Vanquished Creatures (collateral kills)
  2 foxfires (D:2)
2 creatures vanquished.

Vanquished Creatures (others)
  206 foxfires
  3 plants (D:2)
209 creatures vanquished.

Grand Total: 262 creatures vanquished

Notes
Turn   | Place    | Note
-------+----------+-------------------------------------------
     0 | D:1      | purpskrrrp the Djinni Fire Elementalist began the quest for
                  | the Orb.
     0 | D:1      | purpskrrrp set off with the following spells memorised:
                  | Foxfire, Scorch, Kindle Blastsparks, Inner Flame, Flame
                  | Wave.
     0 | D:1      | Reached XP level 1. HP: 15/15 MP: 0/0
    41 | D:1      | You are sucked into a shaft and drop 1 floor!
   193 | D:2      | Reached XP level 2. HP: 20/21 MP: 0/0
   226 | D:2      | Noticed Terence
   322 | D:3      | Reached XP level 3. HP: 22/25 MP: 0/0
   322 | D:3      | Learned a level 1 spell: Freeze
   334 | D:3      | Reached XP level 4. HP: 17/31 MP: 0/0
   773 | D:1      | Found a faded altar of an unknown god.
  1362 | D:1      | Prayed at the altar of an unknown god.
  1362 | D:1      | Became a worshipper of Qazlal Stormbringer
  1362 | D:1      | Reached * piety under Qazlal
  1448 | D:2      | Reached XP level 5. HP: 32/35 MP: 0/0
  1448 | D:2      | Learned a level 2 spell: Momentum Strike
  1800 | D:2      | Slain by Terence

Illustrated notes

Levels and vault maps discovered:
D:1:      spicycebolla_arrival_risky_transporter, layout_basic,
          dreamdust_ecumenical_altar_angels_and_demons
D:2:      layout_basic, serial_forest, infiniplex_forest_straight_3,
          infiniplex_forest_zigzag_1, infiniplex_forest_straight_1,
          infiniplex_forest_clump_diagonal, infiniplex_forest_lined_2,
          uniq_terence
D:3:      layout_loops_ring

Skill      XL: |  1  2  3  4 |
---------------+-------------+-----
Stealth        | 2 |  2.7
Dodging        | 3 |  3.5
Spellcasting   | 3 |  3.2

Action                   |  1- 3 |  4- 6 || total
-------------------------+-------+-------++-------
Melee: Unarmed           |    10 |       ||    10
       Falchion          |       |    16 ||    16
 Cast: Foxfire           |    37 |    96 ||   133
       Scorch            |       |     1 ||     1
  Use: Scroll            |     1 |     3 ||     4
       Potion            |     1 |     1 ||     2
 Stab: Invisible         |     1 |       ||     1
Armor: Robe              |     1 |       ||     1
Dodge: Dodged            |     6 |    24 ||    30

Table legend: (Time is in decaauts)
 A = Elapsed time spent in this place.
 B = Non-inter-level travel time spent in this place.
 C = Inter-level travel time spent in this place.
 D = Time resting spent in this place.
 E = Time spent auto-exploring this place.
 F = Levels seen in this place.
 G = Mean time per level.
                   A        B        C        D        E       F      G
               +--------+--------+--------+--------+--------+-----+--------+
         Total |   1786 |   1724 |     62 |    219 |    839 |   3 |  595.3 |
       Dungeon |   1786 |   1724 |     62 |    219 |    839 |   3 |  595.3 |
               +--------+--------+--------+--------+--------+-----+--------+

Top non-repeatable levels by time:
     D:1: 853 daAuts
     D:2: 783 daAuts
     D:3: 149 daAuts
